 Dungeon Crawl Stone Soup version 0.29.1-12-g30fa7ad0bf (webtiles) character file.

Game seed: 15018151473361059880

2320 GeoRichter the Carver (level 9, -3/68 HPs)
             Began as a Demonspawn Gladiator on Dec 17, 2022.
             Was an Initiate of Gozag.
             Killed from afar by a wretched star (20 damage)
             ... with a lance of force
             ... on level 1 of the Abyss.
             The game lasted 00:12:26 (6465 turns).

GeoRichter the Carver (Demonspawn Gladiator)        Turns: 6465, Time: 00:12:26

Health: -3/68      AC: 13    Str: 15    XL:     9   Next: 18%
Magic:  7/7        EV: 16    Int: 10    God:    Gozag
Gold:   626        SH:  0    Dex: 14    Spells: 8/8 levels left

rFire   . . .      SeeInvis .   a - +5 long sword (freeze)
rCold   + . .      Faith    .   (no shield)
rNeg    . . .      Spirit   .   B - +3 steam dragon scales
rPois   +          Reflect  .   p - +2 helmet
rElec   .          Harm     +   (no cloak)
rCorr   .          Rampage  .   A - +0 pair of gloves "Yclitz" {Harm rC+}
Will    .....                   h - +0 pair of boots {Fly}
Stlth   +.........              (no amulet)
HPRegen 0.21/turn               F - ring of poison resistance
MPRegen 0.10/turn               (no ring)

@: mighty, weak-willed, flying, hasted, very quick
A: repulsion field 1, demonic guardian 2, demonic magic 1, [clumsy 2], [low MP
2]
a: Renounce Religion, Potion Petition, Call Merchant, Bribe Branch


You were on level 1 of the Abyss.
You worshipped Gozag.
Gozag was pleased with you.
You visited 2 branches of the dungeon, and saw 8 of its levels.
You visited the Abyss 1 time.

You collected 718 gold pieces.
You paid 92 gold pieces to Gozag.

Inventory:

Hand Weapons
 a - a +5 long sword of freezing (weapon)
   (You took it off a wight on level 6 of the Dungeon)
 v - the +5 war axe "Civikog" {vorpal, Str+3 Int+4 Dex-5 Stlth+}
   (You found it on level 3 of the Dungeon)

   It inflicts extra damage upon your enemies.
   Str:       It affects your strength (+3).
   Int:       It affects your intelligence (+4).
   Dex:       It affects your dexterity (-5).
   Stlth:     It makes you more stealthy.
Missiles
 d - 4 throwing nets {!f}
 n - 4 boomerangs (quivered)
 y - a javelin
Armour
 h - a +0 pair of boots of flying (worn)
   (You found it on level 1 of the Dungeon)
 p - a +2 helmet (worn)
   (You found it on level 2 of the Dungeon)
 s - a +0 kite shield
   (You found it on level 3 of the Dungeon)
 A - the +0 pair of gloves "Yclitz" (worn) {Harm rC+}
   (You found it on level 5 of the Dungeon)

   rC:        It protects you from cold.
   Harm:      It increases damage dealt and taken.
 B - +3 steam dragon scales (worn)
   (You took it off Maggie on level 6 of the Dungeon)
Jewellery
 o - a ring of ice
   (You found it on level 2 of the Dungeon)
 F - a ring of poison resistance (left hand)
   (You found it on level 7 of the Dungeon)
Scrolls
 b - a scroll of silence {unknown}
 i - a scroll of summoning {unknown}
 j - 3 scrolls of magic mapping
 r - a scroll of immolation {!r}
 u - a scroll of noise {unknown}
 w - a scroll of enchant weapon
Potions
 c - 4 potions of haste {@q3}
 e - a potion of degeneration {unknown}
 f - 2 potions of ambrosia
 g - 3 potions of curing {@q1}
 k - 5 potions of attraction {!q}
 l - 2 potions of might
 m - a potion of cancellation {unknown}
 t - 2 potions of lignification {!q}
 z - 2 potions of heal wounds {unknown}
 D - 2 potions of mutation {!q}


   Skills:
 + Level 5.1 Fighting
 * Level 9.7 Long Blades
 - Level 1.7 Throwing
 + Level 1.0 Armour
 + Level 5.0 Dodging
 + Level 1.0 Shields


You had 8 spell levels left.
You didn't know any spells.
Your spell library contained the following spells:

 Spells                   Type           Power      Damage    Failure   Level
 Magic Dart               Conj           0%         1d3       36%         1
 Call Imp                 Summ           0%         N/A       50%         2
 Gell's Gravitas          Tloc           0%         N/A       75%         3
 Mephitic Cloud           Conj/Pois/Air  0%         N/A       75%         3
 Teleport Other           Tloc           0%         N/A       75%         3
 Dispersal                Tloc           0%         N/A       100%        6


Dungeon Overview and Level Annotations

Branches:
Dungeon (7/15) Zot: 26856  Temple (1/1) D:4 Zot: 5651

Altars:
Ashenzari
Cheibriados
Dithmenos
Fedhas
Gozag
Hepliaklqana
Kikubaaqudgha
Makhleb
Nemelex Xobeh
Okawaru
Qazlal
Ru
Sif Muna
Trog
Uskayaw
Vehumet
Wu Jian
Xom
Yredelemnul

Shops:
D:5 :


Innate Abilities, Weirdness & Mutations

You are surrounded by a mild repulsion field. (EV +2)
A demonic guardian rushes to your aid.
Spells you cast may paralyse adjacent enemies.
[You are very clumsy. (Dex -4)]
[Your magical capacity is very low. (-20% MP)]


Message History

Found an iron altar of Okawaru.
A quasit comes into view.
A wretched star comes into view.
The wretched star pulses with an eldritch light!
You feel clumsy. x2; You feel less energetic. x2
As you read the scroll labelled CAB GOTRAON, it crumbles to dust.
The air around you briefly surges with heat, but it dissipates.
It was a scroll of immolation.
As you read the scroll labelled YLAPNI OR ZUASK, it crumbles to dust.
It is a scroll of enchant weapon.
Your +4 long sword of freezing glows red for a moment.
The wretched star glows turbulently.
The lance of force hits you!
You are knocked back by the lance of force.
You slam into the metal wall!
* * * LOW HITPOINT WARNING * * *
A demonic guardian appears!
Okay, then.
Okay, then.
Okay, then.
As you read the scroll labelled JETOSM MUFYV, it crumbles to dust.
Magic quickly surges around you.
It was a scroll of vulnerability.
Your ice devil closely misses the wretched star.
The wretched star glows turbulently.
The lance of force hits your ice devil!!
Your ice devil is knocked back by the lance of force.
Your ice devil collides with you!
Your ice devil hits the wretched star.
Your ice devil freezes the wretched star!
The wretched star resists.
The wretched star glows turbulently.
The lance of force hits your ice devil!!
Your ice devil dies!
Your ice devil disappears in a puff of smoke!
As you read the scroll labelled JEULIXZ CUIL SOI, it crumbles to dust.
It is a scroll of enchant armour.
Your +2 steam dragon scales glow green for a moment.
As you read the scroll labelled RACLAT KUMODOO, it crumbles to dust.
Your body is wracked with pain!
* * * LOW HITPOINT WARNING * * *
A demonic guardian appears!
It was a scroll of torment.
Here: a wretched star (lightly damaged, ally target)
The floor.
You feel yourself speed up.
You feel very mighty all of a sudden.
You hit the wretched star.
The wretched star glows turbulently.
The lance of force hits you!
You die...
Your body crumbles into a pile of gold.

. # # # #.### #. ##
.#.. . #. #.. #.
.#.## # ..#..#
#...# #. #....#
#...# # # .
#*#...#@###.# #.# #
.#.##*4...#
#.......###..#.....
#
#.....####.#....#.#
..#. .#.
..ยง..#.##..#
#......
###........#..
#.### ..##.#.##...#
. # ##. ##...#..# #
.# .##... #.


You could see a wretched star (ally target) and a friendly ice devil (summoned).

Vanquished Creatures
  Maggie (D:6)
  2 steam dragons (D:6)
  A water moccasin (D:6)
  A black bear (D:7)
  2 small abominations (Abyss:1)
  2 ogres
  2 centaurs (D:6)
  A phantom (D:4)
  A necrophage (D:4)
  A bullfrog (D:7)
  3 scorpions
  5 wights (D:6)
  3 jellies
  A gnoll bouda (D:5)
  Jessica (D:2)
  Ijyb (D:3)
  4 iguanas
  3 orc wizards
  4 adders
  8 gnolls
  An ufetubus (D:6)
  2 worms
  A dart slug (D:1)
  15 orcs
  5 ball pythons
  8 endoplasms
  A giant cockroach (D:1)
  7 goblins
  3 hobgoblins
  4 quokkas
  A bat (D:2)
  3 frilled lizards
  4 kobolds
  7 rats
109 creatures vanquished.

Notes
Turn   | Place    | Note
-------+----------+-------------------------------------------
     0 | D:1      | GeoRichter the Demonspawn Gladiator began the quest for the
                  | Orb.
     0 | D:1      | Reached XP level 1. HP: 16/16 MP: 1/1
   171 | D:1      | Reached skill level 3 in Long Blades
   302 | D:1      | Gained mutation: You are surrounded by a mild repulsion
                  | field. (EV +2) [demonic ancestry]
   302 | D:1      | Reached XP level 2. HP: 17/22 MP: 2/2
   500 | D:1      | You are sucked into a shaft and drop 1 floor!
  1003 | D:2      | Found a faded altar of an unknown god.
  1047 | D:2      | Reached XP level 3. HP: 24/26 MP: 3/3
  1089 | D:2      | Noticed Jessica
  1098 | D:2      | Killed Jessica
  1099 | D:2      | Reached skill level 4 in Long Blades
  1307 | D:2      | Reached XP level 4. HP: 33/33 MP: 4/4
  1844 | D:3      | Reached skill level 5 in Long Blades
  1884 | D:3      | Found a basalt altar of Yredelemnul.
  1884 | D:3      | Found an iron altar of Okawaru.
  2109 | D:3      | Noticed Ijyb
  2114 | D:3      | Killed Ijyb
  2115 | D:3      | Reached XP level 5. HP: 27/38 MP: 5/5
  2386 | D:3      | Identified the +5 war axe "Civikog" {vorpal, Str+3 Int+4
                  | Dex-5 Stlth+}
  2527 | D:3      | Found a basalt altar of Yredelemnul.
  2527 | D:3      | Found an iron altar of Okawaru.
  3183 | D:4      | Found a staircase to the Ecumenical Temple.
  3191 | Temple   | Entered the Ecumenical Temple
  3525 | D:4      | Reached skill level 6 in Long Blades
  3605 | D:4      | Gained mutation: Spells you cast may paralyse adjacent
                  | enemies. [demonic ancestry]
  3605 | D:4      | Reached XP level 6. HP: 36/44 MP: 6/6
  3949 | D:5      | Entered Level 5 of the Dungeon
  3949 | D:5      | Found Adej's Book Emporium.
  4010 | D:5      | Reached skill level 7 in Long Blades
  4167 | Temple   | Became a worshipper of Gozag Ym Sagoz the Greedy
  4199 | D:5      | Reached XP level 7. HP: 44/50 MP: 7/7
  4814 | D:5      | Identified the +0 pair of gloves "Yclitz" {Harm rC+}
  5180 | D:6      | Reached skill level 8 in Long Blades
  5403 | D:6      | Gained mutation: A weak demonic guardian rushes to your
                  | aid. [demonic ancestry]
  5403 | D:6      | Reached XP level 8. HP: 54/58 MP: 8/8
  5472 | D:6      | Noticed Maggie
  5488 | D:6      | Killed Maggie
  5739 | D:6      | Reached skill level 9 in Long Blades
  6034 | D:6      | Gained mutation: A demonic guardian rushes to your aid.
                  | [demonic ancestry]
  6034 | D:6      | Reached XP level 9. HP: 67/67 MP: 9/9
  6302 | D:7      | Reached skill level 5 in Fighting
  6302 | D:7      | Reached skill level 5 in Dodging
  6361 | Abyss:1  | Cast into level 1 of the Abyss (gnoll)
  6401 | Abyss:1  | Reached skill level 1 in Armour
  6407 | Abyss:1  | Reached skill level 1 in Shields
  6425 | Abyss:1  | Found an iron altar of Okawaru.
  6446 | Abyss:1  | Noticed a wretched star
  6465 | Abyss:1  | Killed from afar by a wretched star

Illustrated notes

Levels and vault maps discovered:
D:1:      dpeg_chamrin_arrival_tetris, layout_rooms, minmay_splitting_lines
D:2:      layout_loops_ring, shapermc_ecumenical_altar_pompeii,
          corexii_item_surrounded_by_moat, minmay_hedge_maze, minivault_14,
          st_stairs_13, uniq_jessica
D:3:      layout_basic, jmf_multi_god_temple, uniq_ijyb
D:4:      layout_rooms, minmay_temple_entry_purple_smoke
D:5:      layout_rooms, mainiacjoe_overflow_paths, serial_shops,
          nicolae_stop_n_shop_1
D:6:      layout_basic, uniq_maggie
D:7:      layout_rooms
Temple:   compressed_dpeg_triangle_lava_temple
Abyss:1:  base: D:7, minivault_27

Skill      XL: |  1  2  3  4  5  6  7  8  9 |
---------------+----------------------------+-----
Long Blades    | 3 4 5 6 7 8 9 |  9.7
Dodging        | 3 4 5 |  5.0
Fighting       | 3 4 5 |  5.1
Armour         | 1 |  1.0
Shields        | 1 |  1.0
Throwing       | |  1.7

Action                   |  1- 3 |  4- 6 |  7- 9 || total
-------------------------+-------+-------+-------++-------
Melee: Long sword        |    28 |    30 |    23 ||    81
       Dagger            |    42 |     5 |       ||    47
       War axe           |       |    65 |   102 ||   167
       Punch             |       |     1 |     1 ||     2
Throw: Boomerang         |     9 |    29 |     4 ||    42
       Javelin           |     1 |       |     1 ||     2
  Use: Potion            |       |       |     4 ||     4
       Scroll            |       |       |    12 ||    12
 Stab: Distracted        |       |       |     1 ||     1
Armor: Leather armour    |     1 |       |       ||     1
       Scale mail        |     6 |    50 |    55 ||   111
       Steam dragon scal |       |       |    21 ||    21
Dodge: Dodged            |    26 |    74 |   120 ||   220
